 Dungeon Crawl Stone Soup version 0.22.0-21-g8bd1b0a (webtiles) character file.

77 Lew the Skirmisher (level 4, -1/35 HPs)
             Began as a Demonspawn Abyssal Knight on Aug 19, 2018.
             Was a Follower of Lugonu.
             Slain by an adder (3 damage)
             ... on level 3 of the Dungeon.
             The game lasted 00:04:14 (2482 turns).

Lew the Skirmisher (Demonspawn Abyssal Knight)      Turns: 2482, Time: 00:04:16

Health: -1/35      AC:  6    Str: 11 (12) XL:     4   Next: 14%
Magic:  5/5        EV: 10    Int: 12 (13) God:    Lugonu [*.....]
Gold:   151        SH:  0    Dex: 10 (14) Spells: 3/3 levels left

rFire    . . .     SeeInvis .   a - +1 falchion
rCold    . . .     Gourm    .   (no shield)
rNeg     . . .     Faith    .   g - +1 ring mail
rPois    .         Spirit   .   (helmet restricted)
rElec    .         Reflect  .   (no cloak)
rCorr    .         Harm     .   (no gloves)
MR       .....                  (no boots)
Stlth    ..........             (no amulet)
HPRegen  0.11/turn              (no ring)
MPRegen  0.09/turn              (no ring)

@: no status effects
A: horns 1, powered by death 1
a: Depart the Abyss, Renounce Religion


You were on level 3 of the Dungeon.
You worshipped Lugonu.
Lugonu was aware of your devotion.
You were not hungry.

You visited 1 branch of the dungeon, and saw 3 of its levels.
You visited the Abyss 1 time.

You collected 151 gold pieces.

Inventory:

Hand Weapons
 a - a +1 falchion (weapon)
Armour
 g - a +1 ring mail (worn)
 h - a +0 chain mail
Jewellery
 i - an uncursed amulet of harm {unknown}
Scrolls
 e - 2 scrolls of magic mapping
 j - 2 scrolls of amnesia
 k - a scroll of remove curse
 l - a scroll of teleportation {unknown}
Potions
 d - 2 potions of curing {unknown}
 f - a potion of berserk rage {unknown}
 m - a potion of resistance {unknown}
Comestibles
 c - 5 rations


   Skills:
 + Level 3.5 Fighting
 + Level 2.6 Long Blades
 + Level 2.4 Armour
 + Level 1.8 Dodging
 - Level 2.4 Invocations


You had 3 spell levels left.
You didn't know any spells.
Your spell library was empty.

Dungeon Overview and Level Annotations

Branches:
Dungeon (3/15)

Altars:


Innate Abilities, Weirdness & Mutations

You have a pair of small horns on your head.
You regenerate a little health from kills.


Message History

The orc priest calls down the wrath of Beogh upon you.
Beogh smites you!
* * * LOW HITPOINT WARNING * * *
The adder closely misses you.
You riposte.
You closely miss the adder.
The adder is severely wounded.
The orc wizard gestures at you while chanting.
The puff of flame hits you!
* * * LOW HITPOINT WARNING * * *
The orc priest looks braver for a moment.
There is an open door here.
Okay, then.
You hit the adder but do no damage. Your headbutt misses the adder.
The adder is severely wounded.
The adder misses you. The adder bites you.
* * * LOW HITPOINT WARNING * * *
It was a potion of degeneration.
There was something very wrong with that liquid.
You feel weakened.
You feel dopey.
You feel clumsy. The adder bites you.
You die...

#<# ### #. #.
####### #. ......#
#####.#### ......#
.........# ##......#
.........###..o.....
.........@So..o.....
.......).###..o.....
.........##.........
.......).##.$.......
#####.##.##.........
#. #.##.###+#+## #.
#.##. # #.##. #.##.


You could see an orc priest, an orc wizard, an adder and 2 orcs.

Vanquished Creatures
  3 adders (D:2)
  A worm (D:2)
  2 dart slugs (D:2)
  2 leopard geckos (D:1)
  3 giant cockroaches (D:1)
  6 hobgoblins
  2 jackals (D:2)
  A ball python (D:2)
  6 bats
  5 frilled lizards
  7 goblins
  A kobold (D:2)
  3 rats
42 creatures vanquished.

Notes
Turn   | Place    | Note
-------+----------+-------------------------------------------
     0 | Abyss:1  | Lew the Demonspawn Abyssal Knight began the quest for the Orb.
     0 | Abyss:1  | Reached XP level 1. HP: 18/18 MP: 2/2
    50 | Abyss:2  | Noticed a quasit
    72 | Abyss:2  | Noticed a worldbinder
    74 | D:1      | Escaped the Abyss
   359 | D:1      | Reached skill level 1 in Dodging
   754 | D:1      | Gained mutation: You regenerate a little health from kills. [demonic ancestry]
   754 | D:1      | Reached XP level 2. HP: 20/24 MP: 3/3
   951 | D:1      | Reached * piety under Lugonu
  1436 | D:2      | Reached XP level 3. HP: 27/29 MP: 4/4
  1970 | D:2      | Gained mutation: You have a pair of small horns on your head. [demonic ancestry]
  1970 | D:2      | Reached XP level 4. HP: 18/35 MP: 5/5
  2482 | D:3      | Slain by an adder

Skill      XL: |  1 |
---------------+----+-----
Dodging        | 1 |  1.8
Long Blades    | 2 |  2.6
Armour         | 2 |  2.4
Fighting       | |  3.5
Invocations    | |  2.4

Action                   |  1- 3 |  4- 6 || total
-------------------------+-------+-------++-------
Melee: Falchion          |   157 |    22 ||   179
       Headbutt          |       |     5 ||     5
Invok: Depart the Abyss  |     1 |       ||     1
  Use: Scroll            |     5 |       ||     5
       Potion            |       |     1 ||     1
  Eat: Chunk             |     3 |       ||     3
       Ration            |       |     1 ||     1
Armor: Ring mail         |    87 |     2 ||    89
       Leather armour    |    10 |       ||    10
Dodge: Dodged            |   142 |    11 ||   153
       Rpst.: Falchion   |    51 |     2 ||    53
